 Dungeon Crawl Stone Soup version 0.27.1-33-g824d729ab1 (webtiles) character file.

Game seed: 6678758897758393009

182 raph the Chopper (level 5, -9/45 HPs)
             Began as a Hill Orc Monk on Dec 1, 2021.
             Was a Believer of Beogh.
             Mangled by an ice beast (10 damage)
             ... on level 4 of the Dungeon.
             The game lasted 00:08:15 (4390 turns).

raph the Chopper (Hill Orc Monk)                    Turns: 4390, Time: 00:08:15

Health: -9/45      AC:  5    Str: 14    XL:     5   Next: 62%
Magic:  0/6        EV: 12    Int: 10    God:    Beogh [**....]
Gold:   43         SH:  0    Dex: 14    Spells: 4/4 levels left

rFire    . . .     SeeInvis .   a - +0 hand axe
rCold    . . .     Faith    .   (no shield)
rNeg     . . .     Spirit   .   e - +0 leather armour
rPois    .         Reflect  .   f - +0 helmet
rElec    .         Harm     .   (no cloak)
rCorr    .         Rampage  .   (no gloves)
Will     .....                  g - +0 pair of boots
Stlth    ++........             (no amulet)
HPRegen  0.15/turn              (no ring)
MPRegen  0.10/turn              (no ring)

@: no status effects
A: no striking features
a: Renounce Religion, Smiting


You were on level 4 of the Dungeon.
You worshipped Beogh.
Beogh was pleased with you.
You visited 1 branch of the dungeon, and saw 4 of its levels.

You collected 146 gold pieces.
You spent 103 gold pieces at shops.

Inventory:

Hand Weapons
 a - a +0 hand axe (weapon)
Missiles
 d - 13 stones (quivered)
Armour
 e - a +0 leather armour (worn)
 f - a +0 helmet (worn)
 g - a +0 pair of boots (worn)


   Skills:
 - Level 3.6 Fighting
 + Level 7.6 Axes
 - Level 2.4 Dodging
 - Level 1.5 Stealth
 + Level 2.3 Invocations


You had 4 spell levels left.
You didn't know any spells.
Your spell library was empty.

Dungeon Overview and Level Annotations

Branches:
Dungeon (4/15)
 Temple: D:4-7

Altars:
Dithmenos
The Shining One

Shops:
D:2 [   D:3 [

Annotations:
D:2 Sigmund


Message History

The ogre shouts!
Aiming: Smiting
Press: ? - help, Dir - move target, f - ogre Smite: an ogre, wielding a +0 giant club You smite the ogre!
The ogre is heavily wounded.
Throw: 14 stones
Press: ? - help, Q - select action, (/) - cycle Shift-Dir - straight line, f/p - ogre
Aim: an ogre, wielding a +0 giant club (heavily wounded, 74% to hit)
You throw a stone. The stone barely misses the ogre.
You hit the ogre.
The ogre is heavily wounded.
The ogre misses you.
You barely miss the ogre.
The ogre is heavily wounded.
The ogre hits you with a +0 giant club!
You hit the ogre.
The ogre is severely wounded.
The ogre hits you with a +0 giant club!!
Ouch! That really hurt!
* * * LOW HITPOINT WARNING * * *
You see here a +0 club.
Found 29 arrows.
Found 15 bolts.
A ball python, an ice beast and a hobgoblin come into view.
The hobgoblin shouts!
The ball python hisses angrily.
Aiming: Smiting
Press: ? - help, Dir - move target, f/p - ogre Smite: an ogre, wielding a +0 giant club (heavily wounded)
You smite the ogre!
You kill the ogre!
Beogh accepts your kill.
Your Invocations skill gained 2 levels and is now at level 2!
You have reached level 5!
You feel stronger. The ice beast hits you.
* * * LOW HITPOINT WARNING * * *
The ice beast freezes you!
You die...

...######.#
......##.############
....#.##.##....@....#
#.#.#.##.##..gYS(...#
#.#.#.##.##.).......#
#.#......>#..(......#
#....#..#..(........#
##.).......#.........#
.....#.##.##.........#
##.#.#.##.##.........#
#.#.#.##.##.........#


You could see an ice beast, a hobgoblin and a ball python.

Vanquished Creatures
  An ogre (D:4)
  5 gnolls
  An adder (D:3)
  An adder skeleton (D:4)
  A worm (D:3)
  A dart slug (D:1)
  2 orcs (D:3)
  An endoplasm (D:3)
  A giant cockroach (D:2)
  4 goblins
  9 hobgoblins
  A jackal (D:3)
  3 kobolds (D:1)
  4 quokkas
  2 ball pythons
  A frilled lizard (D:1)
  A rat (D:3)
39 creatures vanquished.

Vanquished Creatures (others)
  An orc wizard (D:3)
  2 orcs (D:3)
  An endoplasm (D:3)
  A hobgoblin (D:3)
  A jackal (D:3)
  A rat (D:3)
  2 plants (D:4)
9 creatures vanquished.

Grand Total: 48 creatures vanquished

Notes
Turn   | Place    | Note
-------+----------+-------------------------------------------
     0 | D:1      | raph the Hill Orc Monk began the quest for the Orb.
     0 | D:1      | Reached XP level 1. HP: 19/19 MP: 1/1
   619 | D:1      | Found a faded altar of an unknown god.
   749 | D:1      | Reached XP level 2. HP: 26/26 MP: 2/2
   928 | D:1      | Reached skill level 5 in Axes
  1804 | D:2      | Reached XP level 3. HP: 31/31 MP: 3/3
  1918 | D:2      | Found Pazen's Armour Boutique.
  1927 | D:2      | Bought a +0 helmet for 49 gold pieces
  1962 | D:2      | Noticed Sigmund
  2262 | D:3      | Became a worshipper of Beogh the Brigand
  2262 | D:3      | Reached * piety under Beogh
  2262 | D:3      | Reached ** piety under Beogh
  2433 | D:3      | Found Lazeun's Armour Shop.
  2441 | D:3      | Bought a +0 pair of boots for 54 gold pieces
  2912 | D:3      | Found a glowing golden altar of the Shining One.
  2914 | D:3      | Found a shadowy altar of Dithmenos.
  3048 | D:4      | Reached skill level 6 in Axes
  3277 | D:4      | Noticed a scorpion
  3290 | D:4      | HP: 1/31 [scorpion (2)]
  3745 | D:3      | Reached XP level 4. HP: 21/39 MP: 4/4
  4050 | D:3      | Reached skill level 7 in Axes
  4364 | D:4      | Noticed an ogre
  4384 | D:4      | Noticed an ice beast
  4388 | D:4      | Killed an ogre
  4389 | D:4      | Reached XP level 5. HP: 5/45 MP: 0/6
  4390 | D:4      | HP: 1/45 [ice beast (4)]
  4390 | D:4      | Mangled by an ice beast

Illustrated notes

Levels and vault maps discovered:
D:1:      matt_arrival_diagonals, layout_basic,
          dreamdust_ecumenical_altar_statues, minmay_pentomino_s4
D:2:      layout_rooms, serial_shops, shop, basic_altar, uniq_sigmund
D:3:      layout_rooms, minitemple, serial_shops, nicolae_square_shop,
          grunt_ministairs_12
D:4:      layout_loops_ring, lemuel_zombie_altar_kikubaaqudgha, serial_shops,
          nicolae_shop_overgrown_old_shop

Skill      XL: |  1  2  3  4 |
---------------+-------------+-----
Axes           | 5 6 7 |  7.6
Invocations    | 2 |  2.3
Fighting       | |  3.6
Dodging        | |  2.4
Stealth        | |  1.5

Action                   |  1- 3 |  4- 6 || total
-------------------------+-------+-------++-------
Melee: Hand axe          |   116 |    34 ||   150
Throw: Stone             |    27 |     5 ||    32
Invok: Convert to Beogh  |     1 |       ||     1
       Smiting           |       |     2 ||     2
  Use: Scroll            |     2 |       ||     2
       Potion            |     2 |       ||     2
Armor: Leather armour    |    12 |     7 ||    19
       Robe              |     2 |       ||     2
Dodge: Dodged            |    72 |    17 ||    89
